 Dungeon Crawl Stone Soup version 0.29.1-2-gbd0b4ee654 (webtiles) character file.

Game seed: 11771027318932718215

139 xian the Shield-Bearer (level 5, -1/40 HPs)
             Began as a Hill Orc Wanderer on Nov 1, 2022.
             Slain by a hobgoblin (6 damage)
             ... led by Robin
             ... on level 3 of the Dungeon on Nov 2, 2022.
             The game lasted 00:11:17 (2989 turns).

xian the Shield-Bearer (Hill Orc Wanderer)          Turns: 2989, Time: 00:11:18

Health: -1/40      AC:  7    Str: 12    XL:     5   Next: 22%
Magic:  2/7        EV:  9    Int: 14    God:
Gold:   138        SH:  5    Dex: 13    Spells: 6/7 levels left

rFire   . . .      SeeInvis .   a - +0 dagger
rCold   . . .      Faith    .   e - +0 buckler {AC+3}
rNeg    . . .      Spirit   .   d - +0 robe
rPois   .          Reflect  .   q - +0 helmet
rElec   .          Harm     .   b - +0 cloak
rCorr   .          Rampage  .   (no gloves)
Will    .....                   (no boots)
Stlth   +.........              (no amulet)
HPRegen 0.13/turn               (no ring)
MPRegen 0.10/turn               (no ring)

@: constricted
A: no striking features
a: no special abilities


You were on level 3 of the Dungeon.
You visited 1 branch of the dungeon, and saw 3 of its levels.

You collected 138 gold pieces.

Inventory:

Hand Weapons
 a - a +0 dagger (weapon)
Missiles
 r - 4 atropa-tipped darts
Armour
 b - a +0 cloak (worn)
 d - a +0 robe (worn)
 e - a +0 buckler of protection (worn)
 q - a +0 helmet (worn)
Scrolls
 f - a scroll of teleportation {unknown}
 h - a scroll of butterflies {unknown}
 k - a scroll of vulnerability {unknown}
 o - a scroll of identify {unknown}
 p - a scroll of silence {unknown}
Potions
 c - a potion of brilliance
 g - 2 potions of curing {unknown}
 i - a potion of flight {unknown}
 j - 2 potions of lignification {unknown}
 l - 2 potions of heal wounds {unknown}
 m - 2 potions of might {unknown}
 n - a potion of mutation {unknown}


   Skills:
 + Level 1.6 Fighting
 + Level 0.5 Short Blades
 + Level 2.8 Dodging
 + Level 0.3 Stealth
 + Level 4.0 Shields
 + Level 1.9 Spellcasting
 * Level 1.1 Conjurations
 + Level 2.0 Fire Magic
 + Level 2.0 Evocations


You had 6 spell levels left.
You knew the following spells:

 Your Spells              Type           Power      Damage    Failure   Level
a - Foxfire               Conj/Fire      20%        2x1d5     16%         1

Your spell library contained the following spells:

 Spells                   Type           Power      Damage    Failure   Level
 Inner Flame              Hex/Fire       4%         N/A       52%         3
 Iskenderun's Battlesphe  Conj           4%         2d6       99%         5
 Iron Shot                Conj/Erth      1%         9d1       100%        6
 Spellforged Servitor     Conj/Summ      1%         N/A       100%        7


Dungeon Overview and Level Annotations

Branches:
Dungeon (3/15)

Altars:


Message History

The ball python constricts you. Robin barely misses you.
The orc hits you but does no damage.
The ball python bites you but does no damage.
The ball python constricts you.
You completely miss Robin.
Robin is almost dead.
The orc barely misses you. Robin hits you with a +0 trident.
You block the ball python's attack. The ball python constricts you.
You hit Robin but do no damage.
Robin is almost dead.
The hobgoblin no longer looks unusually strong.
Robin roars a battlecry!
The hobgoblin goes into a battle-frenzy!
The orc hits you from afar with a +0 trident.
The ball python bites you but does no damage.
The ball python constricts you.
You hit Robin but do no damage.
Robin is almost dead.
Robin barely misses you. The orc closely misses you.
The ball python barely misses you. The ball python constricts you.
You barely miss Robin.
Robin is almost dead.
The ball python barely misses you. The ball python constricts you.
The orc hits you from afar with a +0 trident.
Robin hits you with a +0 trident!
* * * LOW HITPOINT WARNING * * *
Your magical contamination has completely faded away.
You hit Robin but do no damage.
Robin is almost dead.
The ball python barely misses you. The ball python constricts you.
* * * LOW HITPOINT WARNING * * *
You block Robin's attack. The orc hits you but does no damage.
You hit Robin.
You kill Robin!
You block the ball python's attack. The ball python constricts you.
The orc hits you but does no damage.
The ball python bites you but does no damage.
The ball python constricts you.
You hit the hobgoblin but do no damage. The hobgoblin hits you.
You die...

.... ##.#..# ...## ##..#..#
....####...#..##
....+.....<[....
....####...#..## ##...#
##....[# ##o).# ####.##
#.S.# #.# ##@## #.# #g#
##.## #g# #...# ##)## #...#
##...## #...# #..)..# ##.##
##.).## #.#
.g.#########)############.#
.gg..gg.g...........†.....#


You could see an orc, 2 hobgoblins and a ball python.

Vanquished Creatures
  Robin (D:3)
  9 adders (D:2)
  A worm (D:2)
  7 ball pythons
  2 giant cockroaches (D:2)
  12 goblins
  A hobgoblin (D:3)
  3 kobolds
  3 bats
  5 frilled lizards (D:1)
  8 rats
52 creatures vanquished.

Vanquished Creatures (others)
  124 foxfires
124 creatures vanquished.

Grand Total: 176 creatures vanquished

Notes
Turn   | Place    | Note
-------+----------+-------------------------------------------
     0 | D:1      | xian the Hill Orc Wanderer began the quest for the Orb.
     0 | D:1      | xian set off with the following items: a +0 dagger, a +0
                  | cloak, a potion of brilliance, a +0 robe, a +0 buckler of
                  | protection; and the following spell memorised: Foxfire; and
                  | the following spells available to memorise: Inner Flame.
     0 | D:1      | Reached XP level 1. HP: 14/14 MP: 2/2
   345 | D:1      | Reached XP level 2. HP: 19/20 MP: 0/3
   429 | D:1      | Found a faded altar of an unknown god.
  1079 | D:2      | Reached XP level 3. HP: 15/26 MP: 0/4
  1648 | D:2      | Reached skill level 1 in Fighting
  1648 | D:2      | Reached XP level 4. HP: 28/35 MP: 0/5
  2609 | D:2      | Reached skill level 4 in Shields
  2609 | D:2      | Reached skill level 1 in Conjurations
  2609 | D:2      | Reached XP level 5. HP: 27/40 MP: 1/7
  2927 | D:3      | Noticed Robin
  2988 | D:3      | Killed Robin
  2989 | D:3      | Slain by a hobgoblin

Illustrated notes

Levels and vault maps discovered:
D:1:      kennysheep_arrival_forest, layout_loops_ring, basic_ecumenical_altar
D:2:      layout_loops_cross, minmay_snake_closets
D:3:      layout_loops_corners, corexii_leaking_fountain,
          chequers_serial_rivers_large_a, skrybe_limestone_x, uniq_robin

Skill      XL: |  1  2  3  4  5 |
---------------+----------------+-----
Fighting       | 1 |  1.6
Shields        | 4 |  4.0
Conjurations   | 1 |  1.1
Fire Magic     | 2 |  2.0
Short Blades   | |  0.5
Dodging        | |  2.8
Stealth        | |  0.3
Spellcasting   | |  1.9
Evocations     | |  2.0

Action                   |  1- 3 |  4- 6 || total
-------------------------+-------+-------++-------
Melee: Dagger            |    50 |    89 ||   139
 Cast: Foxfire           |    37 |    44 ||    81
 Stab: Sleeping          |       |     1 ||     1
       Distracted        |       |     1 ||     1
Armor: Robe              |    35 |    50 ||    85
Dodge: Dodged            |    43 |    84 ||   127
Block: Buckler           |    22 |    35 ||    57
